 Dungeon Crawl Stone Soup version 0.29.1-13-g9f3cf754e1 (webtiles) character file.

Game seed: 8581323141431009907

51677 cheesebisquit the Brawler (level 14, -13/141 HPs)
             Began as a Troll Fighter on Jan 21, 2023.
             Was a Priest of Okawaru.
             Mangled by a komodo dragon (18 damage)
             ... on level 5 of the Lair of Beasts.
             The game lasted 01:27:29 (17420 turns).

cheesebisquit the Brawler (Troll Fighter)          Turns: 17420, Time: 01:27:30

Health: -13/141    AC: 13    Str: 31    XL:     14   Next: 24%
Magic:  17/17      EV: 11    Int:  4    God:    Okawaru [***...]
Gold:   594        SH: 11    Dex:  9    Spells: 13/13 levels left

rFire   + . .      SeeInvis .     - Unarmed
rCold   . . .      Faith    .   b - +1 kite shield
rNeg    . . .      Spirit   .   M - +0 troll leather armour
rPois   .          Reflect  .   e - +2 hood of the Assassin {Detection Stab+ Stlth++}
rElec   .          Harm     .   u - +2 cloak {rF+}
rCorr   .          Rampage  .   (gloves unavailable)
Will    +....                   (boots unavailable)
Stlth   ++++......              s - amulet of regeneration
HPRegen 2.73/turn               P - ring of flight
MPRegen 0.15/turn               (no ring)

@: about to teleport, heroic, flying, invisible
A: large, unfitting armour, claws 3, regeneration 1, shaggy fur 1, tough skin 1
a: Renounce Religion, Heroism


You were on level 5 of the Lair of Beasts.
You worshipped Okawaru.
Okawaru was most pleased with you.
You visited 3 branches of the dungeon, and saw 21 of its levels.
You also visited: Ossuary and Volcano.

You collected 947 gold pieces.
You spent 353 gold pieces at shops.

Inventory:

Missiles
 a - a silver javelin
 n - 14 poisoned darts
 y - 5 curare-tipped darts
 E - 76 stones
 L - a large rock (quivered)
 N - 3 atropa-tipped darts
 O - 2 javelins
Armour
 b - a +1 kite shield (worn)
 d - +0 acid dragon scales
 e - the +2 hood of the Assassin (worn) {Detection Stab+ Stlth++}
   (You acquired it on level 8 of the Dungeon)

   It allows the wearer to sense nearby creatures.
   It allows the wearer to make particularly effective stabbing attacks against
   helpless or unaware enemies with any weapon.
   Stlth:     It makes you much more stealthy.
 o - a +1 hat
 u - a +2 cloak of fire resistance (worn)
 M - a +0 troll leather armour (worn)
Jewellery
 c - an amulet of guardian spirit
 s - an amulet of regeneration (around neck)
 P - a ring of flight (left claw)
Wands
 p - a wand of light (17)
 v - a wand of flame (6)
 w - a wand of iceblast (8)
Scrolls
 f - 9 scrolls of teleportation
 j - 9 scrolls of vulnerability
 k - a scroll of immolation
 l - 2 scrolls of blinking
 m - a scroll of silence
 q - 4 scrolls of poison
 B - a scroll of torment
 F - a scroll of amnesia
 H - 4 scrolls of identify
 J - 3 scrolls of fear
 Q - a scroll of enchant armour
Potions
 g - 2 potions of haste
 h - 3 potions of cancellation
 i - 5 potions of brilliance
 r - 5 potions of ambrosia
 t - 2 potions of lignification
 x - 11 potions of mutation
 z - a potion of attraction
 A - 2 potions of berserk rage
 C - 16 potions of curing
 D - 10 potions of degeneration
 I - a potion of invisibility
 K - 3 potions of resistance


   Skills:
 + Level 9.7(14.7) Fighting
 + Level 10.1(15.1) Throwing
 - Level 5.0(10.0) Armour
 - Level 5.7(10.7) Dodging
 - Level 6.3(11.3) Shields
 * Level 18.3(23.3) Unarmed Combat
 + Level 5.8 Invocations


You had 13 spell levels left.
You didn't know any spells.
Your spell library contained the following spells:

 Spells                   Type           Power      Damage    Failure   Level
 Poisonous Vapours        Pois/Air       0%         N/A       86%         2
 Scorch                   Fire           0%         2d5       86%         2
 Corpse Rot               Necr/Pois/Air  0%         N/A       100%        4
 Flame Wave               Conj/Fire      0%         2d4       100%        4
 Borgnjor's Vile Clutch   Necr/Erth      0%         N/A       100%        5
 Chain Lightning          Conj/Air       0%         N/A       100%        9
 Fire Storm               Conj/Fire      0%         5d1       100%        9
 Shatter                  Erth           0%         3d5*      100%        9
 Animate Dead             Necr           Unusable   N/A       N/A         4
 Death Channel            Necr           Unusable   N/A       N/A         6
 Summon Cactus Giant      Summ           Unusable   N/A       N/A         6

Dungeon Overview and Level Annotations

Branches:
Dungeon (15/15)            Temple (1/1) D:4            Lair (5/5) D:10
  Swamp (0/4) Lair:2       Spider (0/4) Lair:2        Slime (0/5) Lair:5
    Orc (0/2) D:10        Ossuary (visited)         Volcano (visited)
 Vaults: D:13-14     Depths: D:15

Altars:
Ashenzari
Cheibriados
Dithmenos
Elyvilon
Fedhas
Gozag
Hepliaklqana
Kikubaaqudgha
Makhleb
Nemelex Xobeh
Okawaru
Qazlal
Ru
Sif Muna
Trog
Uskayaw
Vehumet
Wu Jian
Xom
Yredelemnul
Zin
The Shining One
Lugonu

Shops:
D:2 *   D:3 [   D:5 *   D:8 !   D:12 *

Portals:
Trove: D:11 (give 14 scrolls of teleportation)

Annotations:
D:12 3 runed translucent doors, DemonSlayer's ghost, journeyman DsEE
Lair:5 Urug


Innate Abilities, Weirdness & Mutations

You are too large for most types of armour.
You have claws for hands.
Your natural rate of healing is unusually fast.
You are covered in fur. (AC +1)
You have tough skin. (AC +1)


Message History

The komodo dragon is moderately wounded.
The komodo dragon bites you! The komodo dragon barely misses you.
The basilisk gazes at you.
You are slowing down.
Your limbs are stiffening.
You eviscerate the komodo dragon!!!
You kill the komodo dragon!
Okawaru accepts your kill.
You have turned to stone.
The komodo dragon bites you!
The komodo dragon bites you but does no damage.
The basilisk bites you but does no damage.
The komodo dragon bites you!! The komodo dragon bites you!
The basilisk bites you! The komodo dragon bites you. x2
The basilisk bites you but does no damage.
The komodo dragon bites you!! The komodo dragon bites you.
The basilisk bites you.
The komodo dragon bites you but does no damage.
The komodo dragon bites you! The basilisk bites you.
The komodo dragon barely misses you. The komodo dragon bites you!!
The basilisk bites you! The komodo dragon bites you!!
The komodo dragon bites you! The basilisk bites you!
The komodo dragon completely misses you.
The komodo dragon bites you! The basilisk bites you.
The komodo dragon bites you!! x2
* * * LOW HITPOINT WARNING * * *
You turn to flesh and can move again.
You fade into invisibility!
The basilisk bites you.
* * * LOW HITPOINT WARNING * * *
You block the komodo dragon's attack. The komodo dragon misses you.
As you read the scroll of teleportation, it crumbles to dust.
You feel strangely unstable. The basilisk bites you.
* * * LOW HITPOINT WARNING * * *
The komodo dragon bites you!!
* * * LOW HITPOINT WARNING * * *
The komodo dragon bites you!!
You die...

....#.†....##...# ##.
##†......#..# .S
###..#....####..## .##
#P........## # ...#
#..#...#...# .....
.......#...## #.....
...P.#..PP..## #......
............#.####.......
.#.......##.##..@l9...#
.#...#........#.ll......#
..........P.####.......§
##...##....# ####.....
#...#.....# #....
.........#. #8..
.###....## ##8 .
..#..#....###
.###.....#...#


You could see 2 komodo dragons, a basilisk (unable to see you) and a molten
gargoyle (unable to see you).

Vanquished Creatures
  Josephine (Lair:5)
  A fire dragon (Volcano)
  8 hydras
  A boulder beetle (D:12)
  Harold (D:9)
  A vault guard (D:11)
  4 two-headed ogres
  Sonja (Lair:2)
  Nergalle (Lair:3)
  Amaemon (D:10)
  An orb spider (Lair:2)
  A lindwurm (Lair:5)
  3 deep elf pyromancers
  2 ugly things (D:12)
  A manticore (D:12)
  An oklob plant (Lair:2)
  2 cyclopes (D:11)
  Maurice (D:8)
  3 salamanders (Volcano)
  9 elephants
  An orange demon (Lair:1)
  A torpor snail (Lair:3)
  2 black mambas
  A gargoyle (D:12)
  7 cane toads
  4 unseen horrors
  8 komodo dragons
  2 kobold demonologists (D:9)
  Psyche (D:8)
  2 polar bears
  6 trolls
  4 hornets
  6 slime creatures (D:12)
  3 dream sheep (Lair:3)
  17 blink frogs
  A shadow (D:11)
  4 wraiths (Lair:5)
  26 yaks
  9 wyverns
  3 basilisks
  10 fire bats (Volcano)
  Eustachio (D:4)
  5 steam dragons
  Grum (Lair:1)
  3 acid dragons
  11 water moccasins
  3 orc warriors
  An ice beast (D:5)
  5 ogres
  A swamp drake (D:10)
  A black bear (Lair:4)
  17 wolves
  3 centaurs
  A phantom (D:6)
  3 kobold brigands (D:9)
  7 bullfrogs
  A gnoll sergeant (D:5)
  14 scorpions
  5 killer bees (D:7)
  2 electric eels
  5 howler monkeys
  2 human zombies (Ossuary)
  4 orc priests
  15 jellies
  5 hounds
  7 centaur zombies (Ossuary)
  A gnoll bouda (D:8)
  3 iguanas
  2 scorpion zombies (Ossuary)
  3 hell rats
  6 orc wizards
  3 mummies (Ossuary)
  13 gnolls
  6 adders
  A shadow imp (D:8)
  4 dart slugs
  28 orcs
  10 ball pythons
  8 bats
  7 endoplasms
  4 giant cockroaches
  A gnoll zombie (Ossuary)
  10 goblins
  6 hobgoblins
  4 jackals (D:1)
  19 kobolds
  4 quokkas
  4 frilled lizards (D:1)
  2 goblin zombies (Ossuary)
  A hobgoblin zombie (Ossuary)
  3 kobold zombies (Ossuary)
  An orc zombie (Ossuary)
  2 rats (D:3)
441 creatures vanquished.

Vanquished Creatures (others)
  19 fungi
  61 plants
80 creatures vanquished.

Grand Total: 521 creatures vanquished

Notes
Turn   | Place    | Note
-------+----------+-------------------------------------------
     0 | D:1      | cheesebisquit the Troll Fighter began the quest for the
                  | Orb.
     0 | D:1      | Reached XP level 1. HP: 22/22 MP: 0/0
    45 | D:1      | Reached XP level 2. HP: 23/29 MP: 1/1
   130 | D:1      | Reached skill level 3 in Unarmed Combat
   182 | D:1      | Reached XP level 3. HP: 36/36 MP: 2/2
   974 | D:2      | Reached skill level 4 in Unarmed Combat
   974 | D:2      | Reached XP level 4. HP: 44/44 MP: 3/3
  1293 | D:2      | Found Idweawku's Assorted Antiques.
  1297 | D:2      | Bought a scroll labelled KASAIZ YPNYU for 19 gold pieces
  1297 | D:2      | Bought a clear potion for 17 gold pieces
  1297 | D:2      | Bought an amethyst potion for 17 gold pieces
  1622 | D:3      | Reached XP level 5. HP: 50/50 MP: 4/4
  1622 | D:3      | Found Ojoxofeh's Armour Boutique.
  1721 | D:3      | Found a faded altar of an unknown god.
  1785 | D:3      | Reached skill level 1 in Throwing
  1899 | D:3      | Found a basalt altar of Yredelemnul.
  1900 | D:3      | Found a hide-covered altar of Uskayaw.
  1901 | D:3      | Found a snail-covered altar of Cheibriados.
  1902 | D:3      | Found a shadowy altar of Dithmenos.
  2109 | D:4      | Noticed Eustachio
  2129 | D:4      | Killed Eustachio
  2130 | D:4      | Reached skill level 5 in Unarmed Combat
  2130 | D:4      | Reached XP level 6. HP: 61/61 MP: 5/5
  2390 | D:4      | Noticed a hornet
  2402 | D:4      | Paralysed by a hornet for 2 turns
  2404 | D:4      | Killed a hornet
  2405 | D:4      | Reached skill level 6 in Unarmed Combat
  2405 | D:4      | Reached XP level 7. HP: 43/68 MP: 6/6
  2641 | D:4      | Found a staircase to the Ecumenical Temple.
  2654 | D:4      | Found a sand-covered staircase.
  2661 | Ossuary  | Entered an ossuary
  2765 | Ossuary  | Reached skill level 7 in Unarmed Combat
  2820 | Ossuary  | Reached XP level 8. HP: 76/78 MP: 7/7
  2910 | Ossuary  | Reached skill level 8 in Unarmed Combat
  3048 | Temple   | Entered the Ecumenical Temple
  3111 | Temple   | Became a worshipper of Warmaster Okawaru
  3138 | D:5      | Entered Level 5 of the Dungeon
  3188 | D:5      | Reached skill level 5 in Fighting
  3200 | D:5      | Found Sifar's Elemental Accessories.
  3500 | D:5      | Reached * piety under Okawaru
  3519 | D:5      | Reached XP level 9. HP: 88/88 MP: 8/8
  3529 | D:5      | Reached skill level 9 in Unarmed Combat
  3584 | D:5      | Reached skill level 5 in Throwing
  4498 | D:7      | Noticed a troll
  4640 | D:7      | Reached ** piety under Okawaru
  4641 | D:7      | Reached skill level 10 in Unarmed Combat
  4851 | D:7      | Killed a troll
  5402 | D:8      | Found a stormy altar of Qazlal.
  5512 | D:8      | Noticed Psyche
  5532 | D:8      | Killed Psyche
  5705 | D:8      | Reached XP level 10. HP: 94/100 MP: 9/9
  5836 | D:8      | Reached *** piety under Okawaru
  5837 | D:8      | Reached skill level 11 in Unarmed Combat
  5847 | D:8      | Identified the +7 quarterstaff of Dust {chaos, Str+4 Dex+4
                  | Stlth+}
  5888 | D:8      | Noticed Maurice
  5901 | D:8      | Killed Maurice
  5916 | D:8      | Found an opulent altar of Gozag.
  6299 | D:8      | Found Yraiquom's Distillery.
  6302 | D:8      | Bought a potion of curing for 36 gold pieces
  6302 | D:8      | Bought a potion of haste for 120 gold pieces
  6302 | D:8      | Bought a potion of curing for 36 gold pieces
  6302 | D:8      | Bought a potion of degeneration for 12 gold pieces
  6302 | D:8      | Bought a potion of heal wounds for 60 gold pieces
  6303 | D:8      | Identified 2 scrolls of acquirement
  6303 | D:8      | Acquired a manual of Unarmed Combat
  6305 | D:8      | Acquired the +2 hood of the Assassin {Detection Stab+
                  | Stlth++}
  6305 | D:8      | Found the +2 hood of the Assassin {Detection Stab+ Stlth++}
  6619 | D:9      | Reached skill level 12 in Unarmed Combat
  6662 | D:9      | Reached **** piety under Okawaru
  6858 | D:9      | Noticed Harold
  6867 | D:9      | Killed Harold
  6867 | D:9      | Received a gift from Okawaru
  6868 | D:9      | Reached skill level 13 in Unarmed Combat
  7001 | D:8      | Bought a potion of curing for 36 gold pieces
  7227 | D:10     | Entered Level 10 of the Dungeon
  7291 | D:10     | Received a gift from Okawaru
  7357 | D:10     | Reached XP level 11. HP: 108/109 MP: 10/10
  7373 | D:10     | Identified the +8 quarterstaff of Ascent {speed, Str+2
                  | Dex+6}
  7446 | D:10     | Received a gift from Okawaru
  7448 | D:10     | Found a staircase to the Lair.
  7589 | D:10     | Reached skill level 14 in Unarmed Combat
  7983 | D:10     | Found a staircase to the Orcish Mines.
  8426 | D:11     | Paralysed by a hornet for 1 turns
  8592 | D:11     | Reached ***** piety under Okawaru
  8595 | D:11     | Noticed a deep elf pyromancer
  8605 | D:11     | Killed a deep elf pyromancer
  8815 | D:11     | Reached skill level 15 in Unarmed Combat
  8901 | D:11     | Noticed a vault guard
  8909 | D:11     | Killed a vault guard
  8930 | D:11     | Found a portal to a secret trove of treasure.
  9402 | D:12     | Reached skill level 1 in Invocations
  9411 | D:12     | Reached skill level 1 in Armour
  9654 | D:12     | Noticed a boulder beetle
  9669 | D:12     | Killed a boulder beetle
  9669 | D:12     | Received a gift from Okawaru
  9691 | D:12     | Noticed a two-headed ogre
  9695 | D:12     | Noticed a two-headed ogre
  9698 | D:12     | Killed a two-headed ogre
  9701 | D:12     | Killed a two-headed ogre
  9701 | D:12     | Received a gift from Okawaru
  9702 | D:12     | Reached XP level 12. HP: 120/120 MP: 4/12
  9802 | D:12     | Found Ibofihikk's Neck Hole.
  9873 | D:12     | Found a runed translucent gate.
  9873 | D:12     | Found a runed translucent gate.
  9874 | D:12     | Found a runed translucent gate.
  9874 | D:12     | Noticed DemonSlayer's ghost (journeyman DsEE)
  9875 | D:12     | Identified the +3 chain mail of Inevitability {Dex+3}
  9907 | D:12     | You fall into a shaft and drop 3 floors!
  9907 | D:15     | Entered Level 15 of the Dungeon
  9952 | D:14     | Found an ancient bone altar of Kikubaaqudgha.
 10016 | D:13     | Reached skill level 16 in Unarmed Combat
 10042 | D:13     | Found a corrupted altar of Lugonu.
 10084 | D:12     | Noticed a four-headed hydra
 10743 | D:11     | Found a portal to a secret trove of treasure.
 11114 | D:12     | Received a gift from Okawaru
 11170 | D:12     | Killed a four-headed hydra
 11838 | Lair:1   | Entered Level 1 of the Lair of Beasts
 11838 | Lair:1   | Noticed Amaemon
 11851 | D:10     | Killed Amaemon
 11932 | Lair:1   | Noticed a four-headed hydra
 11937 | Lair:1   | Killed a four-headed hydra
 11986 | Lair:1   | Identified the +2 leather armour of True Grit {Int+5}
 12085 | Lair:1   | Noticed a five-headed hydra
 12098 | Lair:1   | Killed a five-headed hydra
 12180 | Lair:1   | Received a gift from Okawaru
 12180 | Lair:1   | Found the +4 skin of Zhor {*Englaciate rC+++ SInv}
 12186 | Lair:1   | Noticed Grum
 12196 | Lair:1   | Killed Grum
 12651 | Lair:1   | Reached skill level 17 in Unarmed Combat
 13093 | Lair:2   | Found a staircase to the Swamp.
 13237 | Lair:2   | Reached skill level 5 in Shields
 13320 | Lair:2   | Noticed a four-headed hydra
 13329 | Lair:2   | Killed a five-headed hydra
 13330 | Lair:2   | Reached XP level 13. HP: 108/130 MP: 15/15
 13573 | Lair:2   | Noticed Sonja
 13586 | Lair:2   | Killed Sonja
 13593 | Lair:2   | Found a hole to the Spider Nest.
 13968 | Lair:3   | Noticed Nergalle
 13978 | Lair:3   | Killed Nergalle
 14136 | Lair:3   | Received a gift from Okawaru
 14144 | Lair:3   | Reached skill level 5 in Dodging
 14291 | Lair:3   | Found a dark tunnel.
 14296 | Volcano  | Entered a volcano
 14355 | Volcano  | Received a gift from Okawaru
 14627 | Volcano  | Noticed a fire dragon
 14636 | Volcano  | Reached skill level 5 in Invocations
 14642 | Volcano  | Killed a fire dragon
 14746 | Volcano  | Received a gift from Okawaru
 15125 | Lair:3   | Reached skill level 18 in Unarmed Combat
 16789 | Lair:5   | Entered Level 5 of the Lair of Beasts
 16789 | Lair:5   | Noticed Josephine
 16810 | Lair:5   | Noticed Urug
 16820 | Lair:4   | Reached XP level 14. HP: 120/140 MP: 17/17
 16988 | Lair:5   | Found a staircase to the Slime Pits.
 17064 | Lair:5   | Reached skill level 5 in Armour
 17178 | Lair:5   | Killed Josephine
 17203 | Lair:5   | Reached skill level 10 in Throwing
 17420 | Lair:5   | HP: 5/141 [komodo dragon (22)]
 17420 | Lair:5   | Mangled by a komodo dragon

Illustrated notes

Levels and vault maps discovered:
D:1:      saegor_arrival_under_anarchy, layout_rooms, serial_aquarium,
          aquarium_bridge_square [aquarium_subvault_wall,
          aquarium_subvault_bridge, aquarium_subvault_bridge,
          aquarium_subvault_wall], aquarium_window_corner, aquarium_window_fake,
          aquarium_window_1, aquarium_view_2d, aquarium_balcony_3a,
          hangedman_feature_mirror
D:2:      minmay_diamond_boxcup, layout_loops_ring, serial_shops,
          nicolae_shop_window_shopping
D:3:      layout_rooms, mainiacjoe_overflow_alcove_3,
          shapermc_ecumenical_altar_venn, serial_shops, shop
D:4:      layout_basic, minmay_temple_entry_statues_pillars,
          chequers_ossuary_entry_cave, uniq_eustachio
D:5:      layout_rooms, nicolae_elemental_shop, minmay_misc_feat_secret_circle,
          minmay_misc_feat_room, corexii_shack
D:6:      layout_cave_pools, minmay_fountain_box
D:7:      layout_layer_cave
D:8:      layout_loops_ring, overflow_temple_1_default,
          mainiacjoe_overflow_cross_hatched, serial_shops, kennysheep_mini_moat,
          uniq_maurice, uniq_psyche
D:9:      layout_gridville, uniq_harold
D:10:     layout_rooms, david_lair_generic, erik_orc_1,
          chequers_hall_statues_corner_a, amethyst_killhole
D:11:     layout_stronghold, enter_trove_5
D:12:     layout_loops_ring, biasface_ghost_orc_armoury,
          nicolae_shop_sticking_my_neck_out
D:13:     layout_rooms, tgw_lugonu_bribe, uniq_jorgrun, uniq_kirke, uniq_lodul,
          uniq_erolcha
D:14:     layout_roguey, erik_vaults_2, portal_ice_cave_entry_pillars_four,
          kiku_gazebo_pond_becter
D:15:     grunt_enter_depths_snipers, layout_stronghold, serial_bayou,
          serial_bayou_pond_b, serial_bayou_lagoon_a, serial_bayou_ford_a,
          serial_bayou_pond_e, serial_bayou_shore_a, nrook_mini_backslash
Temple:   nicolae_temple_x_marks_the_god
Lair:1:   layout_gridlike, grunt_forest_small_clearing_treed, uniq_grum,
          uniq_amaemon
Lair:2:   minmay_lair_oklob_chamber, layout_big_grid, swamp_mist_pool,
          nicolae_spider_entry_orb_guardian, grunt_megastairs_2, uniq_sonja
Lair:3:   layout_chaotic_city, enter_volcano_4, uniq_nergalle
Lair:4:   layout_cave_pods, lemuel_fruit_fields, lemuel_fruit_tree
Lair:5:   cheibrodos_lair_end_hotspot, layout_cave_shapes,
          minmay_slime_entry_jelly_boxes, uniq_josephine, uniq_urug

Skill      XL: |  1  2  3  4  5  6  7  8  9 10 11 12 13 14 |
---------------+-------------------------------------------+-----
Unarmed Combat | 3 4 5 6 7 8 10 13 15 17 18 | 18.3
Throwing       | 1 2 3 4 6 7 8 9 10 | 10.1
Fighting       | 3 4 5 6 7 8 9 |  9.7
Shields        | 3 5 6 |  6.3
Invocations    | 2 4 5 |  5.8
Armour         | 1 3 4 5 |  5.0
Dodging        | 3 4 5 |  5.7

Action                   |  1- 3 |  4- 6 |  7- 9 | 10-12 | 13-15 || total
-------------------------+-------+-------+-------+-------+-------++-------
Melee: Unarmed           |   119 |   108 |   220 |   295 |   371 ||  1113
Throw: Stone             |     2 |    23 |       |    45 |       ||    70
       Throwing net      |       |     2 |       |     9 |     1 ||    12
       Dart              |       |       |    84 |    63 |    90 ||   237
       Large rock        |       |       |    22 |   115 |    11 ||   148
       Javelin           |       |       |       |    18 |    11 ||    29
       Boomerang         |       |       |       |     1 |       ||     1
Invok: Heroism           |       |       |     1 |    23 |    21 ||    45
       Finesse           |       |       |       |     5 |    14 ||    19
Evoke: Wand              |       |       |       |     4 |       ||     4
  Use: Potion            |     1 |     3 |     2 |     5 |     3 ||    14
       Scroll            |       |       |    15 |    14 |     3 ||    32
 Stab: Sleeping          |       |       |     2 |     1 |       ||     3
       Held in net/web   |       |       |       |       |     1 ||     1
Armor: Robe              |    50 |    25 |    69 |       |       ||   144
       Skin              |       |       |     1 |       |     9 ||    10
       Acid dragon scale |       |       |       |    45 |       ||    45
       Troll leather arm |       |       |       |    60 |   108 ||   168
Dodge: Dodged            |    50 |    36 |    69 |    83 |   122 ||   360
Block: Kite shield       |    41 |    35 |    59 |    82 |   170 ||   387
